 Dungeon Crawl Stone Soup version 0.25-a0-890-g62861fb (webtiles) character file.

Game seed: 4778772992632521880, levelgen mode: deterministic

196 Kurtz the Cudgeler (level 5, 0/41 HPs)
             Began as a Mummy Chaos Knight on May 11, 2020.
             Was a Plaything of Xom.
             Slain by an ufetubus (1 damage)
             ... summoned by Xom
             ... on level 3 of the Dungeon.
             The game lasted 00:01:31 (1913 turns).

Kurtz the Cudgeler (Mummy Chaos Knight)             Turns: 1913, Time: 00:01:32

Health: 0/41       AC:  6    Str: 17    XL:     5   Next: 46%
Magic:  14/14      EV: 11    Int: 11    God:    Xom [*.....]
Gold:   47         SH:  0    Dex: 11    Spells: 4/4 levels left

rFire    x . .     SeeInvis .   a - +0 mace (chaos)
rCold    + . .     Gourm    .   (no shield)
rNeg     + + +     Faith    .   b - +2 leather armour
rPois    ∞         Spirit   .   (no helmet)
rElec    .         Reflect  .   (no cloak)
rCorr    .         Harm     .   i - +0 pair of gloves (curse)
MR       .....                  (no boots)
Stlth    +.........             (no amulet)
HPRegen  0.13/turn              f - ring of magical power
MPRegen  0.14/turn              (no ring)

@: no status effects
A: no food or potions, fire vulnerability, cold resistance 1, negative energy
resistance 3, torment resistance, unbreathing
a: Renounce Religion


You were on level 3 of the Dungeon.
You worshipped Xom.
You were a special plaything of Xom.
You were not hungry.

You visited 1 branch of the dungeon, and saw 3 of its levels.

You collected 47 gold pieces.

Inventory:

Hand Weapons
 a - a +0 mace of chaos (weapon)
Missiles
 e - 6 javelins (quivered)
Armour
 b - a +2 leather armour (worn)
 i - a cursed +0 pair of gloves (worn)
Jewellery
 f - a ring of magical power (left hand)
Scrolls
 c - 2 scrolls of remove curse {unknown}
 d - a scroll of fear {unknown}
 g - a scroll of enchant armour {unknown}
 h - a scroll of identify {unknown}


   Skills:
 - Level 3.0 Fighting
 * Level 5.2 Maces & Flails
 - Level 1.5 Armour
 - Level 0.7 Dodging


You had 4 spell levels left.
You didn't know any spells.
Your spell library was empty.

Dungeon Overview and Level Annotations

Branches:
Dungeon (3/15)

Altars:
Ashenzari
Hepliaklqana
Kikubaaqudgha
Makhleb
Qazlal
Trog
Zin


Innate Abilities, Weirdness & Mutations

You do not eat or drink.
Your flesh is vulnerable to fire.
You are immune to poison.
Your flesh is cold resistant. (rC+)
You are immune to negative energy. (rN+++)
You are immune to unholy pain and torment.
You can survive without breathing.


Message History

The goblin shouts!
The ufetubus hits you but does no damage.
The ufetubus closely misses you.
There is an open door here.
The ufetubus hits you.
* * * LOW HITPOINT WARNING * * *
The ufetubus misses you. The goblin hits you but does no damage.
Xom alters the dungeon around you.
The stone staircase leading up slides away from you!
The ufetubus barely misses you. The ufetubus hits you.
* * * LOW HITPOINT WARNING * * *
The goblin closely misses you. The giant cockroach bites you.
* * * LOW HITPOINT WARNING * * *
The ufetubus misses you. x2
There is a stone staircase leading up here.
The giant cockroach barely misses you. The ufetubus hits you.
You die... "Boring in life, boring in death..."

..≈....## .#
≈≈≈≈....## ### !#
##.≈≈≈...## ##.###.#
#.........####.......
+.........'..........
#.........####..[...#
#...g...## ##.#.###
##..s5.## ###)...
##@5.## #.### ##5##
#.# #.# #.# ..# #.#
##.# #.# ... #.# ...
.. ...


You could see 3 ufetubi, a giant cockroach and a goblin.

Vanquished Creatures
  An ogre (D:2)
  A scorpion (D:3)
  A dart slug (D:2)
  3 leopard geckos (D:1)
  An orc (D:3)
  2 giant cockroaches (D:1)
  3 goblins
  9 hobgoblins
  5 jackals
  A quokka (D:3)
  4 bats
  2 frilled lizards (D:1)
  7 kobolds
  6 rats
46 creatures vanquished.

Vanquished Creatures (others)
  3 jackals
3 creatures vanquished.

Grand Total: 49 creatures vanquished

Notes
Turn   | Place    | Note
-------+----------+-------------------------------------------
     0 | D:1      | Kurtz the Mummy Chaos Knight began the quest for the Orb.
     0 | D:1      | Reached XP level 1. HP: 18/18 MP: 1/1
    69 | D:1      | Reached skill level 3 in Maces & Flails
    69 | D:1      | Reached XP level 2. HP: 6/24 MP: 2/2
   830 | D:1      | XOM: summons 2 hostile demons
   831 | D:1      | Noticed a crimson imp
  1151 | D:1      | XOM: 1-stop teleportation journey
  1154 | D:1      | Reached XP level 3. HP: 29/29 MP: 3/3
  1240 | D:2      | Found a burning altar of Makhleb.
  1240 | D:2      | Noticed a blizzard demon
  1247 | D:2      | Noticed an ogre
  1314 | D:2      | Found a stormy altar of Qazlal.
  1405 | D:2      | XOM: divine lightning
  1406 | D:2      | Killed an ogre
  1406 | D:2      | Reached skill level 4 in Maces & Flails
  1406 | D:2      | Reached XP level 4. HP: 14/35 MP: 4/4
  1406 | D:2      | Reached XP level 5. HP: 16/41 MP: 5/5
  1661 | D:2      | Found a hazy altar of Hepliaklqana.
  1758 | D:2      | Found a glowing silver altar of Zin.
  1801 | D:2      | Found a shattered altar of Ashenzari.
  1804 | D:2      | Found a bloodstained altar of Trog.
  1804 | D:2      | Found an ancient bone altar of Kikubaaqudgha.
  1856 | D:3      | Reached skill level 5 in Maces & Flails
  1898 | D:3      | XOM: summons 3 hostile demons
  1910 | D:3      | XOM: repel stairs
  1912 | D:3      | HP: 1/41 [giant cockroach (2)]
  1913 | D:3      | Slain by an ufetubus

Levels and vault maps discovered:
D:1:      psy_arrival_terrarium, layout_basic, minmay_misc_feat_pillars
D:2:      layout_rooms, grunt_qazlal_clouds, nicolae_overflow_hidden_temple,
          makhleb_altar_promises_db, nicolae_overflow_crystal_walls,
          first_ration
D:3:      layout_loops_corners, chequers_serial_rivers_small_a

Skill      XL: |  1  2  3  4  5 |
---------------+----------------+-----
Maces & Flails | 3 4 5 |  5.2
Fighting       | |  3.0
Armour         | |  1.5
Dodging        | |  0.7

Action                   |  1- 3 |  4- 6 || total
-------------------------+-------+-------++-------
Melee: Mace              |   139 |    18 ||   157
Throw: Javelin           |     1 |       ||     1
 Stab: Paralysed         |     1 |       ||     1
Armor: Leather armour    |    57 |    12 ||    69
Dodge: Dodged            |    94 |    20 ||   114

Table legend:
 A = Non-vault XP
 B = Vault XP
 C = Vault XP percentage of total XP
 D = Non-vault monster count
 E = Vault monster count
 F = Vault count percentage of total count
                 A         B        C        D         E       F
            +---------+---------+-------+---------+---------+-------
      Total |     281 |       0 |   0.0 |      47 |       0 |   0.0
            +---------+---------+-------+---------+---------+-------
        D:1 |      45 |       0 |   0.0 |      26 |       0 |   0.0
        D:2 |     157 |       0 |   0.0 |      18 |       0 |   0.0
        D:3 |      79 |       0 |   0.0 |       3 |       0 |   0.0
            +---------+---------+-------+---------+---------+-------
